 Dungeon Crawl Stone Soup version 0.19-a0-739-gf2af308 (webtiles) character file.

77 Ordine the Changer (level 4, -1/28 HPs)
             Began as an Octopode Transmuter on June 23, 2016.
             Slain by a gnoll (8 damage)
             ... on level 2 of the Dungeon.
             The game lasted 00:04:11 (1929 turns).

Ordine the Changer (Octopode Transmuter)            Turns: 1929, Time: 00:04:11

Health: -1/28      AC:  1    Str:  9    XL:     4   Next: 34%
Magic:  6/7        EV: 12    Int: 16    God:
Gold:   156        SH:  0    Dex: 12    Spells: 2 memorised, 3 levels left

rFire  . . .     SeeInvis .       - Unarmed
rCold  . . .     Gourm    .     (no shield)
rNeg   . . .     Faith    .     (helmet restricted)
rPois  .         Spirit   .     (no amulet)
rElec  .         Dismiss  .     (no ring)
rCorr  .         Reflect  .     (no ring)
SustAt .         Harm     .     (no ring)
MR     .....                    (no ring)
Stlth  +++.......               (no ring)
                                (no ring)
                                (no ring)
                                (no ring)

@: not resistant to hostile enchantments, fairly stealthy
A: almost no armour, amphibious, 8 rings, constrict 8, camouflage 1, gelatinous
body 1
a: no special abilities


You were on level 2 of the Dungeon.
You were not hungry.

You visited 1 branch of the dungeon, and saw 2 of its levels.

You collected 156 gold pieces.

Inventory:

Wands
 e - a wand of lightning (5/15)
Potions
 a - a potion of might
 d - 2 potions of magic
 f - a potion of degeneration {unknown}
 h - a potion of curing
Books
 b - a book of Changes

   Spells                             Type                      Level
   a - Beastly Appendage              Transmutation                1
   b - Sticks to Snakes               Transmutation                2
   c - Spider Form                    Transmutation/Poison         3
   d - Ice Form                       Ice/Transmutation            4
   e - Blade Hands                    Transmutation                5
Comestibles
 c - 2 bread rations
 g - a meat ration
 i - a chunk of flesh


   Skills:
 - Level 1.0 Fighting
 - Level 2.0 Dodging
 + Level 3.0 Stealth
 - Level 3.0 Unarmed Combat
 - Level 2.0 Spellcasting
 * Level 3.8 Transmutations


You had 3 spell levels left.
You knew the following spells:

 Your Spells              Type           Power        Failure   Level  Hunger
a - Spider Form           Tmut/Pois      #.........   34%         3    ###....
i - Beastly Appendage     Tmut           ##....       6%          1    #......


Dungeon Overview and Level Annotations

Branches:
Dungeon (2/15)

Altars:


Innate Abilities, Weirdness & Mutations

You cannot wear most types of armour.
You are amphibious.
You can wear up to eight rings at the same time.
You can use your tentacles to constrict eight enemies at once.
Your skin changes colour to match your surroundings (Stealth+).
Your rubbery body absorbs attacks. (AC +1)


Message History

You hit the gnoll.
The gnoll is poisoned.
The gnoll is heavily wounded.
The gnoll misses you.
You barely miss the gnoll.
The gnoll is heavily wounded.
The gnoll misses you.
You hit the gnoll but do no damage.
The gnoll looks as sick as possible!
The gnoll is heavily wounded.
Your transformation has ended.
The gnoll misses you.
You tentacle-slap the gnoll.
You kill the gnoll!
Your Stealth skill increases to level 3!
You tentacle-slap the gnoll. Your grab misses the gnoll.
The gnoll is moderately wounded.
The gnoll misses you.
You barely miss the gnoll. Your grab misses the gnoll.
The gnoll is moderately wounded.
The gnoll hits you!
You die...

#.....####.#.######
#..##.............#
#..##.####.#.####.#
#..##.####.#.# #.#
#..........#.# #.#
#......)...#.# #.#
#.##.####..#.## #.#
#.##g# #.....###.###
#.##@# #............
##.##.####.....######.
#..##....#..#### #.
#.######.#..# #. #)#
#.#..# #.
######.######.#..# #.
#.............>..# #.
#.####.##.######.# #.
#.# #.##.# #...### #.


You could see a gnoll.

Vanquished Creatures
  2 gnolls (D:2)
  2 dart slugs (D:1)
  A giant gecko (D:2)
  2 giant cockroaches (D:1)
  6 hobgoblins
  4 jackals (D:2)
  6 bats
  6 giant newts
  9 goblins
  6 kobolds
  7 rats
51 creatures vanquished.

Notes
Turn   | Place    | Note
--------------------------------------------------------------
     0 | D:1      | Ordine the Octopode Transmuter began the quest for the Orb.
     0 | D:1      | Reached XP level 1. HP: 13/13 MP: 3/3
   215 | D:1      | Reached skill level 1 in Stealth
   312 | D:1      | Reached XP level 2. HP: 18/18 MP: 5/5
   804 | D:1      | Reached XP level 3. HP: 21/23 MP: 6/6
   826 | D:1      | Learned a level 3 spell: Spider Form
  1713 | D:2      | Reached XP level 4. HP: 22/28 MP: 7/7
  1929 | D:2      | Slain by a gnoll

Vault maps used:
D:1:      dpeg_arrival_refuge
D:2:      first_bread

Skill      XL: |  1  2  3  4 |
---------------+-------------+-----
Stealth        | 1 2 3 |  3.0
Transmutations | 3 |  3.8
Fighting       | |  1.0
Dodging        | |  2.0
Unarmed Combat | |  3.0
Spellcasting   | |  2.0

Action                   |  1- 3 |  4- 6 || total
-------------------------+-------+-------++-------
Melee: Unarmed           |    96 |    14 ||   110
       Tentacles         |    19 |       ||    19
       Constrict         |    26 |     1 ||    27
       Punch             |     2 |       ||     2
 Cast: Spider Form       |       |     1 ||     1
  Use: Scroll            |     9 |       ||     9
       Potion            |       |     1 ||     1
 Stab: Sleeping          |    13 |       ||    13
  Eat: Chunk             |     2 |     1 ||     3
Armor: Skin              |     7 |     2 ||     9
Dodge: Dodged            |    55 |     7 ||    62
